 Dungeon Crawl Stone Soup version 0.28.0-45-g0d030f2227 (webtiles) character file.

Game seed: 10157899873634510607

109 Revguard the Sneak (level 4, -6/34 HPs)
             Began as a Demonspawn Brigand on Apr 20, 2022.
             Mangled by an ogre
             ... wielding a +0 giant club
              (27 damage)
             ... on level 4 of the Dungeon.
             The game lasted 00:05:16 (2715 turns).

Revguard the Sneak (Demonspawn Brigand)             Turns: 2715, Time: 00:05:16

Health: -6/34      AC:  4    Str: 11    XL:     4   Next: 59%
Magic:  6/6        EV: 11    Int: 14    God:
Gold:   62         SH:  0    Dex: 15    Spells: 6/6 levels left

rFire   . . .      SeeInvis .   j - +0 short sword (venom)
rCold   . . .      Faith    .   (no shield)
rNeg    . . .      Spirit   .   k - +0 leather armour
rPois   .          Reflect  .   (helmet restricted)
rElec   .          Harm     .   c - +0 cloak
rCorr   .          Rampage  .   (no gloves)
Will    .....                   (no boots)
Stlth   ++........              (no amulet)
HPRegen 0.11/turn               (no ring)
MPRegen 0.10/turn               (no ring)

@: no status effects
A: horns 2
a: no special abilities


You were on level 4 of the Dungeon.
You visited 1 branch of the dungeon, and saw 4 of its levels.

You collected 62 gold pieces.

Inventory:

Hand Weapons
 a - a +2 dagger
 f - a +2 short sword of draining
 j - a +0 short sword of venom (weapon)
Missiles
 d - 11 poisoned darts
 e - 2 curare-tipped darts (quivered)
Armour
 b - a +0 robe
 c - a +0 cloak (worn)
 k - a +0 leather armour (worn)
Scrolls
 g - a scroll of fog
 i - a scroll of immolation
 l - a scroll of teleportation
 o - a scroll of summoning
Potions
 m - a potion of lignification
 n - a potion of might


   Skills:
 + Level 2.3 Fighting
 * Level 2.5 Short Blades
 - Level 1.7 Throwing
 + Level 1.2 Armour
 + Level 1.7 Dodging
 * Level 3.9 Stealth
 * Level 1.6 Spellcasting


You had 6 spell levels left.
You didn't know any spells.
Your spell library was empty.

Dungeon Overview and Level Annotations

Branches:
Dungeon (4/15)
 Temple: D:4-7

Altars:


Innate Abilities, Weirdness & Mutations

You have a pair of horns on your head.


Message History

The ball python bites you. The ball python grabs you.
The ball python constricts you.
You hit the ball python.
The ball python is moderately wounded.
The ball python bites you. The ball python constricts you.
You puncture the ball python!
You kill the ball python!
Found a robe.
You see here a +0 robe.
A rat comes into view.
A rat is nearby!
You hit the rat.
The rat is severely wounded.
You hit the rat.
You kill the rat!
You see here a rat corpse.
You now have 62 gold pieces (gained 5).
You see here a rat corpse.
Done exploring.
Done exploring.
As you read the scroll of identify, it crumbles to dust.
o - a scroll of summoning
As you read the scroll labelled BUTOSK HUSUOPH, it crumbles to dust.
The scroll dissolves into smoke.
It was a scroll of fog.
(D) Dungeon
Where to? (Enter - D:3, ? - help)
There is a stone staircase leading down here.
You climb downwards.
Found a mace and 12 gold pieces.
Found a stone staircase leading down.
There is a stone staircase leading up here.
An ogre is nearby!
Your +0 short sword of venom begins to drip with poison!
j - a +0 short sword of venom (weapon)
The ogre shouts!
You barely miss the ogre. The ogre hits you with a +0 giant club!
You hit the ogre. You headbutt the ogre!
The ogre is moderately wounded.
The ogre hits you with a +0 giant club!!
Ouch! That really hurt!
You die...

...#^......#
.$........## .
#........... ..
.........>. ...
##..........
#..#........#
#.........##.
...#....<.......
.......O@....##.
.........).###
#.##......##
##......#
........#
....##.### ...##
#.. ... ###


You could see an ogre.

Vanquished Creatures
  4 gnolls (D:2)
  3 dart slugs
  An orc (D:3)
  7 endoplasms
  4 giant cockroaches
  5 goblins
  4 hobgoblins
  3 jackals (D:1)
  4 quokkas
  9 ball pythons
  4 bats
  4 frilled lizards
  3 kobolds
  6 rats
61 creatures vanquished.

Notes
Turn   | Place    | Note
-------+----------+-------------------------------------------
     0 | D:1      | Revguard the Demonspawn Brigand began the quest for the
                  | Orb.
     0 | D:1      | Reached XP level 1. HP: 16/16 MP: 1/1
    38 | D:1      | Reached skill level 1 in Dodging
   283 | D:1      | Gained mutation: You have a pair of small horns on your
                  | head. [demonic ancestry]
   283 | D:1      | Reached XP level 2. HP: 22/22 MP: 2/2
   425 | D:1      | Found a faded altar of an unknown god.
   623 | D:1      | Reached skill level 1 in Spellcasting
   833 | D:1      | Gained mutation: You have a pair of horns on your head.
                  | [demonic ancestry]
   833 | D:1      | Reached XP level 3. HP: 26/27 MP: 4/4
  1479 | D:2      | Reached skill level 1 in Armour
  1479 | D:2      | Reached XP level 4. HP: 26/33 MP: 5/5
  2709 | D:4      | Noticed an ogre
  2715 | D:4      | Mangled by an ogre

Illustrated notes

Levels and vault maps discovered:
D:1:      minmay_arrival_plants_in_alcoves, layout_loops_ring,
          hellmonk_ecumenical_altar_blasted, minmay_misc_feat_enclosed,
          minmay_tree_intersection
D:2:      layout_loops_ring
D:3:      layout_rooms, roderic_filled_cross
D:4:      layout_cave_pools, jmf_multi_god_temple2

Skill      XL: |  1  2  3 |
---------------+----------+-----
Dodging        | 1 |  1.7
Short Blades   | 2 |  2.5
Spellcasting   | 1 |  1.6
Armour         | 1 |  1.2
Fighting       | |  2.3
Throwing       | |  1.7
Stealth        | |  3.9

Action                   |  1- 3 |  4- 6 || total
-------------------------+-------+-------++-------
Melee: Dagger            |    14 |       ||    14
       Short sword       |    69 |    45 ||   114
       Punch             |     1 |     1 ||     2
       Headbutt          |    11 |     4 ||    15
Throw: Dart              |     1 |     1 ||     2
  Use: Scroll            |       |     6 ||     6
 Stab: Sleeping          |     6 |     4 ||    10
       Distracted        |     1 |       ||     1
Armor: Robe              |    14 |       ||    14
       Leather armour    |       |    12 ||    12
Dodge: Dodged            |    50 |    18 ||    68
